 Dungeon Crawl Stone Soup version 0.26-a0-835-g8259106e14 (webtiles) character file.

Game seed: 18080304445046865244

294 Kinoniko the Chopper (level 6, 44/44 HPs)
             Began as a Demonspawn Gladiator on Nov 17, 2020.
             Quit the game on level 3 of the Dungeon.
             The game lasted 00:03:17 (2545 turns).

Kinoniko the Chopper (Demonspawn Gladiator)         Turns: 2545, Time: 00:03:17

Health: 44/44      AC: 10    Str: 17    XL:     6   Next: 11%
Magic:  6/6        EV: 10    Int:  9    God:
Gold:   122        SH:  0    Dex: 14    Spells: 5/5 levels left

rFire    + . .     SeeInvis .   i - +2 flail (protect)
rCold    + . .     Faith    .   (no shield)
rNeg     . . .     Spirit   .   k - +0 scale mail {rC+}
rPois    .         Reflect  .   (helmet restricted)
rElec    .         Harm     .   (no cloak)
rCorr    .         Rampage  .   b - +1 pair of gloves
MR       .....                  (no boots)
Stlth    ..........             (no amulet)
HPRegen  0.14/turn              (no ring)
MPRegen  0.10/turn              (no ring)

@: no status effects
A: antennae 1, slimy green scales 1, fire resistance 1
a: no special abilities


You were on level 3 of the Dungeon.
You visited 1 branch of the dungeon, and saw 4 of its levels.

You collected 122 gold pieces.

Inventory:

Hand Weapons
 a - a +0 war axe
 i - a +2 flail of protection (weapon)
Missiles
 d - 4 throwing nets (quivered)
Armour
 b - a +1 pair of gloves (worn)
 c - a +0 helmet
 k - a +0 scale mail of cold resistance (worn)
Jewellery
 x - an uncursed ring of protection from magic {unknown}
Scrolls
 e - a scroll of enchant armour
 g - 2 scrolls of amnesia
 j - 2 scrolls of remove curse {unknown}
 l - 2 scrolls of random uselessness {unknown}
 n - 2 scrolls of identify {unknown}
 s - a scroll of fear {unknown}
 t - a scroll of enchant weapon {unknown}
 v - a scroll of blinking {unknown}
Potions
 f - 2 potions of degeneration {unknown}
 h - 2 potions of berserk rage {unknown}
 m - a potion of haste {unknown}
 o - a potion of might {unknown}
 p - a potion of ambrosia {unknown}
 q - 2 potions of curing {unknown}
 r - a potion of flight {unknown}
 u - a potion of attraction {unknown}
 w - a potion of lignification {unknown}


   Skills:
 - Level 2.0 Fighting
 - Level 4.5(5.3) Axes
 * Level 4.1(5.1) Maces & Flails
 - Level 1.7 Throwing
 - Level 2.6 Dodging


You had 5 spell levels left.
You didn't know any spells.
Your spell library was empty.

Dungeon Overview and Level Annotations

Branches:
Dungeon (4/15)
 Temple: D:4-7

Altars:


Innate Abilities, Weirdness & Mutations

You have a pair of small antennae on your head.
You are partially covered in slimy green scales. (AC +2)
Your flesh is heat resistant. (rF+)


Message History

No target in view!
No target in view!
No target in view!
No target in view!
No target in view!
No target in view!
No target in view!
No target in view!
No target in view!
No target in view!
No target in view!
No target in view!
Items here: )))) [ †††.
As you read the scroll labelled WADUPA LORIO, it crumbles to dust.
It is a scroll of amnesia.
You feel forgetful for a moment.
As you read the scroll labelled PYLIPS GIEHU, it crumbles to dust.
It is a scroll of enchant armour.
Your +0 pair of gloves glows green for a moment.
Are you sure you want to abandon this character and quit the game? (Confirm with "yes".)

............#
.##########.##
.# ##...## .#
##.....#### ##
#.........#
#......##.#
#.#...###.#
#.##.## #)#
#.#..# #@#
#.## #.# #.
#.# #.# #.#
..# ###


There were no monsters in sight!

Vanquished Creatures
  A scorpion (D:4)
  An orc priest (D:3)
  Terence (D:2)
  3 orc wizards
  6 adders
  2 oozes
  A worm (D:3)
  A dart slug (D:2)
  2 leopard geckos
  7 orcs
  3 giant cockroaches (D:3)
  3 goblins
  4 hobgoblins (D:1)
  2 quokkas
  A ball python (D:2)
  3 bats
  A frilled lizard (D:3)
  4 kobolds
  7 rats
53 creatures vanquished.

Notes
Turn   | Place    | Note
-------+----------+-------------------------------------------
     0 | D:1      | Kinoniko the Demonspawn Gladiator began the quest for the
                  | Orb.
     0 | D:1      | Reached XP level 1. HP: 16/16 MP: 1/1
   176 | D:1      | Gained mutation: You are partially covered in slimy green
                  | scales. (AC +2) [demonic ancestry]
   176 | D:1      | Reached XP level 2. HP: 22/22 MP: 2/2
   831 | D:2      | Reached XP level 3. HP: 27/27 MP: 3/3
   857 | D:2      | Reached XP level 4. HP: 17/33 MP: 4/4
  1125 | D:2      | Noticed Terence
  1136 | D:2      | Killed Terence
  1137 | D:2      | Reached skill level 1 in Maces & Flails
  1365 | D:2      | You fall into a shaft and drop 2 floors!
  1379 | D:4      | Gained mutation: Your flesh is heat resistant. (rF+)
                  | [demonic ancestry]
  1379 | D:4      | Reached XP level 5. HP: 31/38 MP: 5/5
  1995 | D:2      | Found a faded altar of an unknown god.
  2516 | D:3      | Gained mutation: You have a pair of small antennae on your
                  | head. [demonic ancestry]
  2516 | D:3      | Reached XP level 6. HP: 40/44 MP: 6/6
  2545 | D:3      | Quit the game

Illustrated notes

Levels and vault maps discovered:
D:1:      minmay_arrival_three_doors, layout_loops_ring
D:2:      layout_loops_ring, chequers_ecumenical_altar_grove, serial_aquarium,
          aquarium_bridge_long_separate [aquarium_subvault_bridge,
          aquarium_subvault_bridge, aquarium_subvault_wall,
          aquarium_subvault_wall, aquarium_subvault_bridge,
          aquarium_subvault_wall], aquarium_window_fake, aquarium_window_corner,
          aquarium_view_2e, aquarium_view_2b, aquarium_pool_1, uniq_terence
D:3:      layout_loops_ring
D:4:      layout_loops_ring, nrook_mini_backslash, minmay_small_thing,
          uniq_sigmund, uniq_natasha

Skill      XL: |  1  2  3  4  5 |
---------------+----------------+-----
Axes           | 3 4 |  4.5
Maces & Flails | 2 4 |  4.1
Fighting       | |  2.0
Throwing       | |  1.7
Dodging        | |  2.6

Action                   |  1- 3 |  4- 6 || total
-------------------------+-------+-------++-------
Melee: War axe           |    83 |       ||    83
       Flail             |       |    87 ||    87
  Use: Scroll            |       |     2 ||     2
 Stab: Sleeping          |     1 |       ||     1
Armor: Leather armour    |    28 |       ||    28
       Scale mail        |       |    49 ||    49
Dodge: Dodged            |    47 |    36 ||    83

Table legend: (Time is in decaauts)
 A = Elapsed time spent in this place.
 B = Non-inter-level travel time spent in this place.
 C = Inter-level travel time spent in this place.
 D = Time resting spent in this place.
 E = Time spent auto-exploring this place.
 F = Levels seen in this place.
 G = Mean time per level.
                   A        B        C        D        E       F      G
               +--------+--------+--------+--------+--------+-----+--------+
         Total |   2588 |   2497 |     91 |    142 |   1926 |   4 |  647.0 |
       Dungeon |   2588 |   2497 |     91 |    142 |   1926 |   4 |  647.0 |
               +--------+--------+--------+--------+--------+-----+--------+

Top non-repeatable levels by time:
     D:2: 999 daAuts
     D:1: 837 daAuts
     D:3: 522 daAuts
     D:4: 230 daAuts
